 Dungeon Crawl Stone Soup version 0.32-a0-128-g77eb882913 (webtiles) character file.

Game seed: 12816626708298617493

2 Nattfarinn the Changeling (level 1, -1/18 HPs)
             Began as a Naga Shapeshifter on Feb 8, 2024.
             Slain by a quokka (4 damage)
             ... on level 1 of the Dungeon.
             The game lasted 00:00:26 (162 turns).

Nattfarinn the Changeling (Naga Shapeshifter)        Turns: 162, Time: 00:00:27

Health: -1/18      AC:  1    Str: 16    XL:     1   Next: 30%
Magic:  1/1        EV:  9    Int: 10    God:
Gold:   0          SH:  0    Dex: 10    Spells: 0/0 levels left

rFire   . . .        e - +0 long sword
rCold   . . .        (no shield)
rNeg    . . .        a - +0 animal skin
rPois   +            (no helmet)
rElec   .            (no cloak)
rCorr   .            (no gloves)
SInv    +            (no barding)
Will    .....        (no amulet)
Stlth   +            (no ring)
HPRegen 0.23/turn    (no ring)
MPRegen 0.07/turn

%: no passive effects
@: very slow
A: AC +0, large, see invisible, deformed body, poison resistance, slowness 2,
spit poison 1, naga tail 1
a: Spit Poison


You were on level 1 of the Dungeon.
You visited 1 branch of the dungeon, and saw 1 of its levels.

Inventory:

Hand Weapons
 e - a +0 long sword (weapon)
Armour
 a - a +0 animal skin (worn)
Talismans
 c - a beast talisman
 d - a flux talisman
Scrolls
 f - a scroll of amnesia {unknown}
Potions
 b - a potion of lignification


   Skills:
 - Level 1.0 Fighting
 - Level 1.5 Dodging
 - Level 3.0 Unarmed Combat
 + Level 3.1 Shapeshifting


You couldn't memorise any spells.
You didn't know any spells.
Your spell library was empty.

Dungeon Overview and Level Annotations

Branches:
Dungeon (1/15)

Altars:


Innate Abilities, Weirdness & Mutations

Your serpentine skin is tough. (AC +0)
You have supernaturally acute eyesight. (SInv)
Armour fits poorly on your strangely shaped body.
Your system is resistant to poisons. (rPois)
You cover ground very slowly.
You can spit poison.
You have a snake-like lower body.


Message History

You hear an angry hiss.
There is a large open door here.
A frilled lizard comes into view.
The frilled lizard hisses angrily.
Your movement speed is very slow.
Your attack delay is about 1.4.
Your damage rating with your +0 long sword is about 10 (Base 10 x 100% (Dex) x 101% (Skill)).
Unknown command.
The frilled lizard barely misses you. x2
You hit the frilled lizard.
You kill the frilled lizard!
No target in view!
Found a dagger.
Found a stone staircase leading down.
You open the door.
An endoplasm comes into view.
Found a scroll labelled CUMY GIHUOS.
You slash the endoplasm!
You kill the endoplasm!
No target in view!
f - a scroll labelled CUMY GIHUOS A quokka comes into view.
A quokka is nearby!
The quokka bites you.
You hit the quokka but do no damage. The quokka bites you. x2
You are too injured to fight recklessly!
You are too injured to fight recklessly!
You barely miss the quokka. The quokka bites you.
You closely miss the quokka. The quokka completely misses you.
The quokka misses you.
You barely miss the quokka. The quokka closely misses you.
The quokka bites you.
You barely miss the quokka.
The quokka bites you but does no damage.
You barely miss the quokka. The quokka bites you.
* * * LOW HITPOINT WARNING * * *
The quokka misses you.
You hit the quokka.
The quokka is almost dead.
The quokka bites you.
You die...

#.# #####.# ####...#.#
......#.# #....#.# #
#####....#.######.#
#........#........#
#.................#
#......@.#.......###
#......r.#.#######<#####
#........#.# #.#~.~#
#.....####.#######P..~..
#.....#.........##~.~~≈≈
#.....#.........##~≈≈≈≈≈
#.....#.........##≈≈≈≈≈~
##### #.........##~≈~~≈~
#..........#P~PP~≈


You could see a quokka.

Vanquished Creatures
  An endoplasm (D:1)
  A frilled lizard (D:1)
2 creatures vanquished.

Notes
Turn   | Place    | Note
-------+----------+-------------------------------------------
     0 | D:1      | Nattfarinn the Naga Shapeshifter began the quest for the
                  | Orb.
     0 | D:1      | Reached XP level 1. HP: 18/18 MP: 1/1
   162 | D:1      | Slain by a quokka

Illustrated notes

Levels and vault maps discovered:
D:1:      lightli_arrival_windingriver, layout_basic,
          ebering_ecumenical_altar_abandoned

Action                     || total
---------------------------++-------
  Melee: Long sword        ||     9
Ability: Begin Untransform ||     1
 Armour: Animal skin       ||     8
  Dodge: Dodged            ||     6

Table legend: (Time is in decaauts)
 A = Elapsed time spent in this place.
 B = Non-inter-level travel time spent in this place.
 C = Inter-level travel time spent in this place.
 D = Time resting spent in this place.
 E = Time spent auto-exploring this place.
 F = Levels seen in this place.
 G = Mean time per level.
                   A        B        C        D        E       F      G
               +--------+--------+--------+--------+--------+-----+--------+
         Total |    222 |    210 |     12 |      0 |    171 |   1 |  222.0 |
       Dungeon |    222 |    210 |     12 |      0 |    171 |   1 |  222.0 |
               +--------+--------+--------+--------+--------+-----+--------+

Top non-repeatable levels by time:
     D:1: 222 daAuts
